 Dungeon Crawl Stone Soup version 0.29.1-1-gd02db6906a (webtiles) character file.

Game seed: 11100230894041272175

425 mortz the Magician (level 7, 45/45 HPs)
             Began as a Djinni Fire Elementalist on Oct 18, 2022.
             Was an Initiate of Hepliaklqana.
             Quit the game on level 4 of the Dungeon.
             The game lasted 00:13:22 (3814 turns).

mortz the Magician (Djinni Fire Elementalist)       Turns: 3814, Time: 00:13:22

Health: 45/45      AC:  2    Str:  7    XL:     7   Next: 18%
Gold:   174        EV: 12    Int: 19    God:    Hepliaklqana [......] SH:  0 Dex: 13

rFire   + + .      SeeInvis .   o - staff of conjuration
rCold   x . .      Faith    .   (no shield)
rNeg    + . .      Spirit   .   a - +0 robe
rPois   ∞          Reflect  .   (no helmet)
rElec   .          Harm     .   (no cloak)
rCorr   .          Rampage  .   (no gloves)
Will    .....                   (boots unavailable)
Stlth   ++........              (no amulet)
HPRegen 0.15/turn               f - ring of positive energy
MPRegen 0.00/turn               (no ring)

@: flying
A: sickness immunity, fire resistance 2, cold vulnerability 1, float, innate
caster, HP casting, extra vitality 1
a: Renounce Religion


You were on level 4 of the Dungeon.
You worshipped Hepliaklqana.
Hepliaklqana was noncommittal.
You visited 1 branch of the dungeon, and saw 4 of its levels.

You collected 174 gold pieces.

Inventory:

Hand Weapons
 d - a +0 dagger
 i - a +0 hand axe
 m - the +7 whip of Depakh {elec, rElec Int+2 Stlth+}
   (You found it on level 2 of the Dungeon)

   It occasionally discharges a powerful burst of electricity upon striking a
   foe.
   Int:       It affects your intelligence (+2).
   rElec:     It insulates you from electricity.
   Stlth:     It makes you more stealthy.
Armour
 a - a +0 robe (worn)
Magical Staves
 e - a staff of air
 o - a staff of conjuration (weapon)
Jewellery
 f - a ring of positive energy (left hand)
Wands
 p - a wand of mindburst (11)
 r - a wand of charming (13)
 s - a wand of roots (5)
 t - a wand of digging (5)
Scrolls
 b - 4 scrolls of teleportation
 c - a scroll of poison {unknown}
 j - 3 scrolls of identify
 k - a scroll of magic mapping {unknown}
 n - a scroll of immolation {unknown}
 q - a scroll of blinking {unknown}
Potions
 g - 3 potions of curing
 h - a potion of haste
 l - a potion of brilliance


   Skills:
 + Level 0.1 Fighting
 + Level 2.7 Dodging
 + Level 3.0 Stealth
 + Level 5.2 Spellcasting


You couldn't memorise any spells.
You knew the following spells:

 Your Spells              Type           Power      Damage    Failure   Level
a - Foxfire               Conj/Fire      100%       2x1d9     1%          1
b - Scorch                Fire           48%        2d7       2%          2
c - Conjure Flame         Conj/Fire      37%        6-21      4%          3
d - Inner Flame           Hex/Fire       24%        N/A       4%          3
e - Flame Wave            Conj/Fire      37%        2d10      14%         4
f - Sandblast             Erth           48%        2d12      1%          1
g - Passwall              Tmut/Erth      20%        N/A       2%          2
h - Tukima's Dance        Hex            24%        N/A       4%          3
Your spell library was empty.

Dungeon Overview and Level Annotations

Branches:
Dungeon (4/15) Zot: 20187  Temple (0/1) D:4

Altars:
Hepliaklqana
Wu Jian


Innate Abilities, Weirdness & Mutations

You are immune to sickness and miasma.
You are immune to poison.
Your flesh is very heat resistant. (rF++)
You are vulnerable to cold. (rC-)
You float through the air rather than walking.
You learn spells naturally, not from books.
Your magical power is your life essence.
You have superior vitality. (+4 MHP)


Message History

You kill Grinder!
Your Stealth skill increases to level 3!
Your Spellcasting skill increases to level 5!
You have reached level 7!
The power to cast Tukima's Dance wells up from within.
Spell assigned to 'h'.
You need no library to learn spells.
Unknown command.
You see here 2 potions of curing.
The orc priest shouts!
The foxfire hits the orc priest.
The orc priest is lightly wounded.
The foxfire hits the orc priest.
The orc priest is moderately wounded.
You feel a surge of power!
You conjure some foxfire!
The foxfire hits the orc priest.
The orc priest is severely wounded.
The orc priest miscasts a cantrip.
You feel a surge of power!
You conjure some foxfire!
The foxfire hits the orc priest.
The orc priest is almost dead.
The orc priest calls down the wrath of Beogh upon you.
Pain shoots through your body!
The orc priest mumbles some strange prayers to Beogh against you.
Beogh smites you!
The foxfire hits the orc priest but does no damage.
The orc priest is almost dead.
The foxfire hits the orc priest but does no damage.
The orc priest is almost dead.
The orc priest looks encouraged for a moment.
An orc priest is nearby!
You feel a surge of power!
You conjure some foxfire!
The foxfire hits the orc priest but does no damage.
The orc priest is almost dead.
The foxfire hits the orc priest!
You kill the orc priest!
g - 3 potions of curing (gained 2)
Found 4 poisoned darts.
You need no library to learn spells.
Are you sure you want to abandon this character and quit the game? (Confirm with "yes".)

## ## # . ....# ####
.... #)..# #... #..
####>.# #.## ##...
#.....### #.#
......#.......# #..
(.....#.......#####..
#..@###.....##.. #
##............#.# #
#.............#.#####
....##............<....
##..............###....
...###.)........####...
.## ##.###..##........
#................
....#.##.#.......


There were no monsters in sight!

Vanquished Creatures
  Grinder (D:4)
  A kobold brigand (D:3)
  An orc priest (D:4)
  Jessica (D:1)
  An adder (D:2)
  2 worms
  A dart slug (D:3)
  4 orcs (D:3)
  4 bats
  7 endoplasms
  3 giant cockroaches
  12 goblins
  7 hobgoblins
  4 kobolds
  2 quokkas
  11 ball pythons
  6 frilled lizards
  5 rats
73 creatures vanquished.

Vanquished Creatures (others)
  162 foxfires
162 creatures vanquished.

Grand Total: 235 creatures vanquished

Notes
Turn   | Place    | Note
-------+----------+-------------------------------------------
     0 | D:1      | mortz the Djinni Fire Elementalist began the quest for the
                  | Orb.
     0 | D:1      | mortz set off with the following spells memorised: Foxfire,
                  | Scorch, Conjure Flame, Inner Flame, Flame Wave.
     0 | D:1      | Reached XP level 1. HP: 15/15 MP: 0/0
   308 | D:1      | Reached XP level 2. HP: 18/21 MP: 0/0
   766 | D:1      | Reached skill level 3 in Spellcasting
   945 | D:1      | Reached XP level 3. HP: 23/25 MP: 0/0
   945 | D:1      | Learned a level 1 spell: Sandblast
  1138 | D:2      | Noticed Jessica
  1144 | D:1      | Killed Jessica
  1284 | D:2      | Reached XP level 4. HP: 28/31 MP: 0/0
  1996 | D:2      | Identified the +7 whip of Depakh {elec, rElec Int+2 Stlth+}
  2370 | D:3      | Reached XP level 5. HP: 27/35 MP: 0/0
  2370 | D:3      | Learned a level 2 spell: Passwall
  2542 | D:3      | Found an ornate altar of the Wu Jian Council.
  2641 | D:3      | Identified the +4 sling of Sidwil {flame, rF- rC++ Int+3}
  3202 | D:3      | Found a faded altar of an unknown god.
  3202 | D:3      | Noticed a kobold brigand
  3211 | D:3      | Killed a kobold brigand
  3212 | D:3      | Reached skill level 4 in Spellcasting
  3212 | D:3      | Found a hazy altar of Hepliaklqana.
  3221 | D:3      | Became a worshipper of Hepliaklqana the Forgotten
  3451 | D:4      | Reached XP level 6. HP: 36/40 MP: 0/0
  3658 | D:4      | Found a staircase to the Ecumenical Temple.
  3658 | D:4      | Noticed Grinder
  3666 | D:4      | Killed Grinder
  3667 | D:4      | Reached skill level 5 in Spellcasting
  3667 | D:4      | Reached XP level 7. HP: 39/45 MP: 0/0
  3667 | D:4      | Learned a level 3 spell: Tukima's Dance
  3814 | D:4      | Quit the game

Illustrated notes

Levels and vault maps discovered:
D:1:      spicycebolla_arrival_risky_transporter, layout_basic
D:2:      layout_basic, minmay_fractal_squares_gapless_5, uniq_jessica
D:3:      layout_basic, nzn_wu_jian_contemplation,
          beargit_hepliaklqana_dungeon_heroes, serial_curves, eino_curves_03,
          eino_curves_03, eino_curves_01, eino_curves_02
D:4:      layout_rooms, minmay_temple_entry_proselytizer, serial_glass,
          glass_columns_c, glass_columns_a, nicolae_titane, uniq_grinder

Skill      XL: |  1  2  3  4  5  6 |
---------------+-------------------+-----
Spellcasting   | 3 4 5 |  5.2
Stealth        | 2 3 |  3.0
Fighting       | |  0.1
Dodging        | |  2.7

Action                   |  1- 3 |  4- 6 |  7- 9 || total
-------------------------+-------+-------+-------++-------
Melee: Staff             |     3 |     1 |       ||     4
       Dagger            |       |     1 |       ||     1
 Cast: Foxfire           |    25 |    67 |     3 ||    95
       Scorch            |     4 |     9 |       ||    13
  Use: Scroll            |     3 |     3 |       ||     6
Armor: Robe              |       |     3 |       ||     3
Dodge: Dodged            |    15 |     7 |       ||    22
